Map: Abyssal Reef LE

Players

TheoRy - Winner!

  • Race: Protoss Protoss
  • Spawn Location: 11:00

PengWin

  • Race: Zerg Zerg
  • Spawn Location: 5:00

Event: WCS Austin 2017

VOD

Have the link to the VOD?

Description

Time

  • Played on: April 28, 2017, 2:40 p.m.
  • Length: 10:46

All games in this series

Show
View Real Time Build Order
Export as new Build Order

TheoRy Protoss - Winner!

Build Orders: 1 Gate Expand 

Get SALT Encoding   

  12  0:00  Probe (Chrono Boost)  
  13  0:11  Probe (Chrono Boost)  
  14  0:19  Pylon  
  14  0:22  Probe (Chrono Boost)  
  15  0:37  Probe (Chrono Boost)  
  16  0:47  Gateway  
  16  0:48  Probe (Chrono Boost)  
  17  0:58  Probe (Chrono Boost)  
  17  0:59  Assimilator  
  17  1:03  Pylon  
  18  1:09  Probe (Chrono Boost)  
  19  1:20  Probe (Chrono Boost)  
  20  1:30  Probe (Chrono Boost)  
  21  1:39  Nexus  
  21  1:47  Cybernetics Core  
  21  1:50  Probe (Chrono Boost)  
  22  1:58  Assimilator  
  22  2:00  Probe (Chrono Boost)  
  23  2:11  Probe (Chrono Boost)  
  24  2:21  Probe (Chrono Boost)  
  25  2:26  Stalker  
  25  2:28  Warp Gate  
  27  2:32  Mothership Core (Chrono Boost)  
  29  2:39  Gateway  
  28  2:44  Pylon  
  28  2:50  Probe (Chrono Boost)  
  29  2:51  Probe (Chrono Boost)  
  30  3:01  Robotics Facility, Probe (Chrono Boost)  
  32  3:05  Probe (Chrono Boost)  
  32  3:10  Sentry  
  32  3:12  Probe (Chrono Boost)  
  35  3:16  Probe (Chrono Boost)  
  36  3:22  Probe (Chrono Boost)  
  36  3:27  Probe (Chrono Boost)  
  38  3:33  Probe (Chrono Boost), Sentry  
  41  3:37  Probe (Chrono Boost)  
  42  3:43  Probe (Chrono Boost)  
  42  3:46  Pylon  
  42  3:47  Immortal  
  44  3:48  Probe (Chrono Boost)  
  44  3:54  Probe (Chrono Boost)  
  49  3:55  Assimilator  
  49  3:58  Assimilator  
  49  4:01  Probe (Chrono Boost)  
  50  4:09  Nexus  
  50  4:12  Probe (Chrono Boost)  
  51  4:20  Gateway  
  51  4:22  Probe (Chrono Boost)  
  51  4:23  Probe (Chrono Boost)  
  53  4:26  Warp Prism  
  53  4:33  Probe (Chrono Boost)  
  53  4:34  Probe (Chrono Boost), Sentry  
  59  4:44  Probe (Chrono Boost)  
  61  4:47  Probe (Chrono Boost)  
  61  4:49  Pylon  
  61  4:52  Adept  
  61  4:54  Probe (Chrono Boost)  
  61  5:03  Pylon  
  61  5:04  Pylon  
  58  5:09  Sentry  
  62  5:23  Immortal  
  62  5:25  Probe (Chrono Boost)  
  65  5:32  Gateway  
  65  5:33  Pylon  
  65  5:34  Sentry x2  
  69  5:36  Sentry  
  69  5:39  Probe (Chrono Boost)  
  72  5:53  Probe (Chrono Boost)  
  71  6:00  Probe (Chrono Boost)  
  71  6:01  Probe (Chrono Boost)  
  71  6:02  Gateway  
  71  6:03  Gateway  
  74  6:04  Probe (Chrono Boost)  
  74  6:05  Twilight Council  
  74  6:06  Immortal  
  74  6:09  Sentry  
  74  6:11  Probe (Chrono Boost)  
  77  6:13  Probe (Chrono Boost)  
  77  6:16  Probe (Chrono Boost)  
  83  6:22  Adept  
  83  6:23  Adept  
  83  6:25  Probe (Chrono Boost)  
  88  6:28  Probe (Chrono Boost)  
  88  6:31  Gateway  
  89  6:33  Pylon  
  89  6:36  Gateway  
  89  6:40  Adept  
  89  6:46  Forge  
  91  6:47  Stalker  
  91  6:48  Stalker  
  91  6:49  Pylon  
  91  6:50  Probe (Chrono Boost)  
  91  6:52  Probe (Chrono Boost)  
  97  6:54  Resonating Glaives  
  97  6:57  Probe (Chrono Boost)  
  99  7:01  Probe (Chrono Boost)  
  99  7:07  Adept x3  
  87  7:23  Adept x2  
  87  7:24  Probe (Chrono Boost)  
  87  7:25  Probe (Chrono Boost)  
  87  7:27  Probe (Chrono Boost)  
  87  7:29  Assimilator  
  88  7:30  Templar Archives, Stalker x2  
  88  7:31  Assimilator, Sentry  
  88  7:34  Probe (Chrono Boost)  
  88  7:35  Stalker  
  88  7:36  Probe (Chrono Boost)  
  98  7:40  Probe (Chrono Boost), Photon Cannon  
  98  7:43  Sentry, Stalker  
  103  7:57  Adept  
  103  7:58  Adept x3  
  107  8:09  High Templar x2, Probe (Chrono Boost)  
  108  8:13  Archon  
  104  8:22  Probe (Chrono Boost)  
  102  8:30  Stalker x3  
  102  8:36  Blink  
  96  8:47  Probe (Chrono Boost)  
  85  8:51  Probe (Chrono Boost)  
  85  8:52  Zealot x3  
  90  8:59  Stalker x2  
  90  9:09  Stalker x2  
  94  9:17  Photon Cannon  
  94  9:22  Stalker x2  
  94  9:23  Stalker  
  100  9:29  Stalker  
  98  9:31  Stalker  
  98  9:32  Sentry  
  96  9:39  Probe (Chrono Boost)  
  96  9:41  Probe (Chrono Boost)  
  97  9:52  Zealot, Adept  
  99  9:53  Adept x2  
  99  9:54  Probe (Chrono Boost)  
  99  9:56  Probe (Chrono Boost)  
  105  10:09  Probe (Chrono Boost), Stalker x2  
  102  10:18  Pylon  
  102  10:20  Pylon  
  90  10:29  High Templar x2  
  90  10:30  High Templar x2  
Show
View Real Time Build Order
Export as new Build Order

PengWin Zerg 

Build Orders: Pool First 

Get SALT Encoding   

  12  0:00  Drone  
  13  0:12  Overlord  
  13  0:17  Drone  
  14  0:31  Drone x2  
  16  0:43  Spawning Pool  
  16  0:46  Drone  
  16  0:50  Drone  
  17  0:59  Extractor  
  17  1:12  Hatchery  
  17  1:15  Drone  
  17  1:18  Extractor  
  17  1:21  Drone  
  17  1:23  Drone  
  18  1:33  Queen  
  18  1:37  Drone  
  21  1:43  Overlord  
  21  1:51  Zergling x2  
  22  2:02  Drone  
  23  2:09  Queen  
  25  2:19  Metabolic Boost  
  25  2:21  Drone  
  26  2:23  Queen  
  28  2:31  Drone x2  
  30  2:44  Hatchery  
  29  2:52  Drone x3  
  29  2:56  Overlord  
  31  3:13  Zergling x10  
  36  3:21  Zergling x6  
  36  3:22  Zergling x4  
  36  3:26  Evolution Chamber  
  40  3:28  Drone x2  
  40  3:33  Overlord  
  42  3:44  Drone x2  
  44  3:53  Drone x3  
  44  3:54  Drone x4  
  51  3:59  Lair  
  51  4:03  Extractor x2  
  51  4:07  Drone  
  50  4:18  Drone x2  
  50  4:20  Spore Crawler  
  50  4:22  Spore Crawler  
  50  4:23  Spore Crawler  
  49  4:29  Drone x4  
  53  4:31  Drone x2  
  53  4:32  Drone x2  
  56  4:49  Pneumatized Carapace  
  51  5:02  Overlord x4  
  50  5:13  Spire  
  46  5:21  Zergling x2  
  46  5:22  Zergling x18, Baneling Nest  
  55  5:31  Zergling x10  
  60  5:56  Zergling x14  
  60  5:57  Zergling x14  
  73  6:08  Baneling x4  
  73  6:09  Baneling x4  
  73  6:14  Drone  
  73  6:15  Drone, Extractor  
  73  6:16  Overlord x2  
  73  6:38  Drone x10  
  73  6:39  Drone x2  
  85  6:49  Overlord  
  85  6:50  Overlord  
  85  6:52  Baneling x9  
  85  7:03  Overlord x3  
  75  7:19  Zergling x6  
  75  7:20  Zergling x18  
  66  7:38  Mutalisk x2  
  66  7:39  Mutalisk x5  
  79  7:44  Mutalisk  
  79  8:03  Hatchery  
  75  8:05  Mutalisk  
  75  8:06  Mutalisk  
  75  8:07  Mutalisk  
  79  8:28  Burrow  
  68  8:56  Spire  
  68  9:00  Hatchery  
  66  9:22  Zergling x8  
  70  9:44  Queen  
  70  9:45  Drone x3, Queen  
  75  9:51  Queen  
  67  10:00  Zergling x14  
  67  10:05  Drone x13  
Tags
 
Add a new tag
Caveats
  • Supply blocks, unpowered buildings, or Contaminate may cause inaccurate times.
  • Supply counts are checked every 10 seconds.